 Dungeon Crawl Stone Soup version 0.26.1-16-g4e020e15dc (webtiles) character file.

Game seed: 16042061337919588699

21814 Froggeryz the Black Belt (level 12, -5/94 HPs)
             Began as a Red Draconian Monk on Feb 17, 2024.
             Was an Elder of Ru.
             Engulfed by an ice statue's freezing vapour (31 damage)
             ... on level 13 of the Dungeon.
             The game lasted 00:21:50 (20721 turns).

Froggeryz the Black Belt (Red Draconian Monk)      Turns: 20721, Time: 00:21:51

Health: -5/94      AC: 18    Str: 15    XL:     12   Next: 57%
Magic:  10/10      EV: 18    Int: 12    God:    Ru [****..]
Gold:   614        SH:  7    Dex: 16    Spells: 11/11 levels left

rFire    + . .     SeeInvis .     - Unarmed
rCold    . . .     Faith    .   x - +0 buckler
rNeg     . . .     Spirit   .   (armour unavailable)
rPois    .         Reflect  .   w - +1 hat
rElec    .         Harm     .   A - +2 cloak {Stlth+}
rCorr    .         Rampage  .   F - +1 pair of gloves
Will     .....                  (no boots)
Stlth    ++........             f - amulet of magic regeneration
HPRegen  0.25/turn              j - +4 ring of protection
MPRegen  0.37/turn              B - ring of willpower

@: slowed, studying Shields, very slow
A: breathe fire, unfitting armour, fire resistance 1, low mp 1, cold-blooded,
hated by all, no conjurations magic, no poison magic, no transmutations magic,
weak-willed 1, AC +8
a: Breathe Fire, Renounce Religion, Draw Out Power, Power Leap


You were on level 13 of the Dungeon.
You worshipped Ru.
Ru was greatly pleased with you.
You visited 2 branches of the dungeon, and saw 14 of its levels.
You also visited: Ossuary.

You collected 1000 gold pieces.
You spent 386 gold pieces at shops.

Inventory:

Missiles
 m - 8 throwing nets
 r - 8 silver javelins (quivered)
 G - 25 boomerangs
 H - 12 javelins
Armour
 w - a +1 hat (worn)
 x - a +0 buckler (worn)
 A - a +2 cloak of stealth (worn)
 F - a +1 pair of gloves (worn)
Jewellery
 b - an uncursed ring of fire
 f - an amulet of magic regeneration (around neck)
 j - a +4 ring of protection (left hand)
 y - an uncursed ring of resist corrosion
 B - a ring of willpower (right hand)
Wands
 t - a wand of acid (3)
 v - a wand of iceblast (3)
 I - a wand of disintegration (12)
 M - a wand of polymorph (11)
Scrolls
 c - 10 scrolls of teleportation
 h - 8 scrolls of enchant weapon
 k - 9 scrolls of fog
 n - a scroll of magic mapping
 o - 8 scrolls of remove curse
 s - 2 scrolls of enchant armour
 u - 3 scrolls of identify
 C - 2 scrolls of blinking
 D - a scroll of fear
 J - a scroll of acquirement
Potions
 a - 2 potions of ambrosia
 d - 8 potions of heal wounds
 g - 2 potions of resistance {unknown}
 i - 4 potions of berserk rage {unknown}
 l - 2 potions of brilliance {unknown}
 p - 2 potions of mutation {unknown}
 q - 2 potions of haste
 z - a potion of invisibility {unknown}
 E - 4 potions of curing
 K - a potion of magic {unknown}
 L - a potion of flight {unknown}
Books
 e - a manual of Shields


   Skills:
 - Level 5.0 Fighting
 - Level 8.3 Dodging
 - Level 1.7 Stealth
 + Level 11.3 Shields
 + Level 16.0 Unarmed Combat


You had 11 spell levels left.
You didn't know any spells.
Your spell library was empty.

Dungeon Overview and Level Annotations

Branches:
Dungeon (13/15)            Temple (1/1) D:5            Lair (0/6) D:8
    Orc (0/2) D:10        Ossuary (visited)
 Vaults: D:13-14

Altars:
Ashenzari
Cheibriados
Dithmenos
Elyvilon
Fedhas
Gozag
Hepliaklqana
Kikubaaqudgha
Makhleb
Nemelex Xobeh
Okawaru
Qazlal
Ru
Sif Muna
Trog
Uskayaw
Vehumet
Wu Jian
Xom
Yredelemnul
Zin
The Shining One

Shops:
D:5 ?   D:12 }   D:13 *

Portals:
Trove: D:12 (give +5 demon whip)

Annotations:
D:2 Sigmund
D:3 1 runed translucent door, Sobaton's ghost, amateur MiFi
D:6 3 runed translucent doors, Sensen's ghost, novice GnWr
D:13 exclusion: ice statue


Innate Abilities, Weirdness & Mutations

You can breathe blasts of fire.
Your fiery red scales are hard. (AC +8)
You cannot fit into any form of body armour.
Your flesh is heat resistant. (rF+)
Your magical capacity is low. (-10% MP)
You are cold-blooded and may be slowed by cold attacks.
You are hated by all.
You cannot study or cast Conjurations magic.
You cannot study or cast Poison magic.
You cannot study or cast Transmutations magic.
You are slightly weak-willed. (Will-)


Message History

The ice statue is moderately damaged.
The ice statue gestures at you. The freezing blast engulfs you!
* * * LOW HITPOINT WARNING * * *
You hit the ice statue.
You tail-slap the ice statue, but do no damage.
The ice statue is moderately damaged.
You are engulfed in freezing vapours.
You feel yourself slow down.
* * * LOW HITPOINT WARNING * * *
You hit the ice statue.
The ice statue is heavily damaged.
You are engulfed in freezing vapours.
* * * LOW HITPOINT WARNING * * *
You feel much better.
You are engulfed in freezing vapours.
* * * LOW HITPOINT WARNING * * *
The ice statue gestures.
The ice statue gestures at you. The freezing blast misses you.
You feel much better.
You are engulfed in freezing vapours.
You feel as though you will be slow longer.
You die...

#.....#..# #.......
#.....#..#####.....#
#..)..#............# ....
#.....#............# .....
####'##.)..........# .^...
...............##..##+##.....
........###...☼○##.........#
.......##.##...Y°##........#
......##...##..☼@☼##.......#
.....##(....##.○8○/##......#
......##.....##...##.......#
.......##.....##)##........#
........##.....###.........#
.........##................#
..........)..................
#######....................##
...⌠.⌠#.........#####......#


You could see an ice statue and an ice beast (summoned).

Vanquished Creatures
  Gastronok (D:11)
  2 entropy weavers (D:12)
  A hydra (D:11)
  Erolcha (D:13)
  A boulder beetle (D:12)
  Harold (D:11)
  A centaur warrior (D:13)
  A queen ant (D:12)
  A two-headed ogre (D:12)
  Nergalle (D:11)
  An obsidian statue (D:13)
  Maurice (D:10)
  2 centaur skeletons
  2 kobold demonologists (D:10)
  A tengu conjurer (D:10)
  2 shadows
  4 wyverns
  A basilisk (D:8)
  9 soldier ants
  6 water moccasins
  9 orc warriors
  4 black bears
  11 ice beasts
  4 sky beasts
  6 ogres
  2 phantoms
  2 eyes of draining
  4 centaurs
  3 big kobolds
  Blork the orc (D:4)
  8 bullfrogs
  2 water moccasin zombies (Ossuary)
  2 scorpions
  5 killer bees
  7 wights
  An electric eel (D:10)
  2 howler monkeys (D:11)
  7 orc priests
  5 centaur zombies
  6 hounds
  3 jellies
  8 orc wizards
  Crazy Yiuf (D:4)
  A gnoll shaman (D:7)
  4 bullfrog skeletons
  3 iguanas
  28 worker ants
  3 big kobold zombies (Ossuary)
  2 mummies (Ossuary)
  8 gnolls
  A howler monkey skeleton (D:5)
  9 adders
  2 shadow imps (D:8)
  3 white imps
  4 ufetubi
  3 oozes
  5 adder zombies
  An adder skeleton (D:4)
  5 worms
  3 dart slugs
  5 leopard geckos
  59 orcs
  6 giant cockroaches
  5 goblins
  6 hobgoblins
  10 jackals
  21 kobolds
  3 quokkas
  A ball python (D:7)
  6 bats
  7 frilled lizards
  5 gnoll zombies (Ossuary)
  2 hobgoblin zombies (Ossuary)
  2 jackal skeletons
  A jackal zombie (D:7)
  5 kobold zombies (Ossuary)
  A leopard gecko zombie (D:5)
  5 orc zombies (Ossuary)
  A quokka skeleton (D:9)
  6 rats
385 creatures vanquished.

Vanquished Creatures (others)
  A centaur warrior (D:11)
  An orc wizard (D:10)
  5 fungi
  18 plants
25 creatures vanquished.

Grand Total: 410 creatures vanquished

Notes
Turn   | Place    | Note
-------+----------+-------------------------------------------
     0 | D:1      | Froggeryz the Draconian Monk began the quest for the Orb.
     0 | D:1      | Reached XP level 1. HP: 19/19 MP: 1/1
   144 | D:1      | Reached XP level 2. HP: 9/26 MP: 2/2
   839 | D:1      | Reached skill level 4 in Unarmed Combat
   839 | D:1      | Reached XP level 3. HP: 21/33 MP: 3/3
  1821 | D:2      | Reached XP level 4. HP: 34/40 MP: 4/4
  2137 | D:2      | Noticed Sigmund
  3226 | D:3      | Reached skill level 5 in Unarmed Combat
  3382 | D:3      | Reached XP level 5. HP: 43/47 MP: 5/5
  3597 | D:3      | Found a runed translucent door.
  3597 | D:3      | Noticed Sobaton's ghost (amateur MiFi)
  3832 | D:4      | Noticed an ogre
  3843 | D:4      | Killed an ogre
  4066 | D:4      | Reached skill level 5 in Fighting
  4066 | D:4      | Reached XP level 6. HP: 53/56 MP: 6/6
  4423 | D:4      | Reached skill level 6 in Unarmed Combat
  4741 | D:4      | Found a basalt altar of Yredelemnul.
  4906 | D:4      | Found a burning altar of Makhleb.
  4907 | D:4      | Noticed a cacodemon
  4912 | D:4      | Found a glowing silver altar of Zin.
  4912 | D:4      | Noticed an angel
  4980 | D:4      | Found a runed translucent door.
  4981 | D:4      | Noticed Crazy Yiuf
  5049 | D:4      | Noticed Blork the orc
  5071 | D:4      | Killed Blork the orc
  5072 | D:4      | Reached skill level 7 in Unarmed Combat
  5072 | D:4      | Your scales start taking on a fiery red colour.
  5072 | D:4      | Reached XP level 7. HP: 14/61 MP: 7/7
  5072 | D:4      | Gained mutation: Your flesh is heat resistant. (rF+) [Red
                  | Draconian growth]
  5447 | D:4      | Killed Crazy Yiuf
  5619 | D:5      | Entered Level 5 of the Dungeon
  5829 | D:5      | Found a staircase to the Ecumenical Temple.
  5899 | D:4      | Reached skill level 8 in Unarmed Combat
  6396 | D:5      | Found Gizxes's Magic Scroll Boutique.
  6405 | D:5      | Bought a scroll of blinking for 90 gold pieces
  6405 | D:5      | Bought a scroll of fear for 42 gold pieces
  6405 | D:5      | Bought 3 scrolls of fog for 72 gold pieces
  6405 | D:5      | Bought a scroll of noise for 12 gold pieces
  6444 | D:5      | Reached skill level 9 in Unarmed Combat
  6502 | D:5      | Reached XP level 8. HP: 23/68 MP: 8/8
  6897 | D:5      | Found a sacrificial altar of Ru.
  6941 | Temple   | Entered the Ecumenical Temple
  6999 | D:5      | Became a worshipper of Ru the Awakened
  7002 | D:5      | Gained mutation: Your magical capacity is low. (-10% MP)
                  | [Ru sacrifice]
  7335 | D:6      | Found a radiant altar of Vehumet.
  7881 | D:6      | Found a runed translucent gate.
  7881 | D:6      | Identified the +1 whip "Jellybane" {pain, +Inv rC- Will+
                  | Int+10}
  7882 | D:6      | Found a runed translucent gate.
  7882 | D:6      | Noticed Sensen's ghost (novice GnWr)
  7884 | D:6      | Found a runed translucent gate.
  7933 | D:6      | Reached skill level 10 in Unarmed Combat
  8246 | D:5      | HP: 1/68 [something/magic dart (6)]
  8763 | D:6      | Reached XP level 9. HP: 67/74 MP: 8/8
  9434 | D:7      | Reached skill level 5 in Dodging
  9436 | D:7      | Reached skill level 11 in Unarmed Combat
  9492 | D:7      | Found a broken altar of Ashenzari.
  9576 | D:8      | HP: 3/74 [poisoned by a killer bee]
  9814 | D:8      | Gained mutation: You cannot study or cast Poison magic. [Ru
                  | sacrifice]
  9814 | D:8      | Gained mutation: You cannot study or cast Transmutations
                  | magic. [Ru sacrifice]
  9814 | D:8      | Gained mutation: You cannot study or cast Conjurations
                  | magic. [Ru sacrifice]
  9814 | D:8      | Reached * piety under Ru
  9897 | D:8      | Found a sand-covered staircase.
  9919 | Ossuary  | Entered an ossuary
 10581 | D:8      | Reached skill level 12 in Unarmed Combat
 11094 | D:8      | Reached XP level 10. HP: 81/81 MP: 9/9
 12185 | D:8      | Found a sparkling altar of Nemelex Xobeh.
 12243 | D:8      | Found a staircase to the Lair.
 12456 | D:8      | Reached skill level 13 in Unarmed Combat
 12479 | D:8      | Gained mutation: You are hated by all. [Ru sacrifice]
 12479 | D:8      | Reached ** piety under Ru
 12479 | D:8      | Reached *** piety under Ru
 13061 | D:9      | Found a shimmering blue altar of Sif Muna.
 13268 | D:9      | Found a sparkling altar of Nemelex Xobeh.
 13509 | D:10     | Entered Level 10 of the Dungeon
 14159 | D:10     | Noticed a rust devil
 14342 | D:10     | Found a staircase to the Orcish Mines.
 15322 | D:11     | Noticed Gastronok
 15323 | D:11     | Noticed Maurice
 15365 | D:10     | Killed Maurice
 15366 | D:10     | Reached skill level 14 in Unarmed Combat
 15492 | D:11     | Noticed a six-headed hydra
 15500 | D:11     | Killed a six-headed hydra
 15501 | D:11     | Reached XP level 11. HP: 7/86 MP: 9/9
 16086 | D:11     | Killed Gastronok
 16317 | D:11     | Found a basalt altar of Yredelemnul.
 16330 | D:11     | Gained mutation: You are slightly weak-willed. (Will-) [Ru
                  | sacrifice]
 16330 | D:11     | Reached **** piety under Ru
 16836 | D:11     | Noticed Nergalle
 17365 | D:11     | Noticed a centaur warrior
 17375 | D:11     | Killed a centaur warrior
 17666 | D:11     | Reached skill level 5 in Shields
 17680 | D:11     | Killed Nergalle
 18260 | D:11     | Noticed Harold
 18273 | D:11     | Killed Harold
 18608 | D:12     | Noticed a boulder beetle
 18644 | D:12     | Killed a boulder beetle
 18858 | D:12     | Identified a scroll of acquirement
 18858 | D:12     | Acquired a manual of Shields
 18874 | D:12     | Reached skill level 15 in Unarmed Combat
 19084 | D:12     | Noticed an entropy weaver
 19084 | D:12     | Noticed a queen ant
 19085 | D:12     | Noticed an entropy weaver
 19104 | D:12     | Killed an entropy weaver
 19104 | D:12     | Killed an entropy weaver
 19104 | D:12     | Killed a queen ant
 19105 | D:12     | Reached XP level 12. HP: 46/94 MP: 10/10
 19543 | D:12     | Noticed a two-headed ogre
 19556 | D:12     | Killed a two-headed ogre
 19557 | D:12     | Reached skill level 10 in Shields
 20075 | D:12     | Found Bixtuapp's Gadget Boutique.
 20195 | D:12     | Found a portal to a secret trove of treasure.
 20377 | D:13     | Noticed a centaur warrior
 20390 | D:13     | Killed a centaur warrior
 20446 | D:13     | Found Toasux's General Store.
 20454 | D:13     | Bought a potion of haste for 170 gold pieces
 20476 | D:13     | Noticed Erolcha
 20500 | D:13     | Killed Erolcha
 20699 | D:13     | Reached skill level 16 in Unarmed Combat
 20719 | D:13     | HP: 3/94 [ice statue] (18)]
 20721 | D:13     | Engulfed by an ice statue's freezing vapour

Illustrated notes

Levels and vault maps discovered:
D:1:      zaba_arrival_water, layout_loops_cross
D:2:      wad_crossroads, layout_basic, uniq_sigmund
D:3:      layout_loops_ring, ebering_ghost_reflecting_pool,
          kennysheep_generic_room_8
D:4:      layout_loops_ring, lemuel_crystal_altar,
          grunt_temple_overflow_order_and_chaos_2, st_stairs_5,
          uniq_crazy_yiuf_cottage, uniq_blork_the_orc
D:5:      layout_cave_pools, minmay_temple_entry_mist, serial_shops, shop,
          nicolae_ru_the_path_less_chosen
D:6:      layout_layer_cave, gammafunk_ghost_nasty_kobolds, basic_altar
D:7:      layout_cave_pools, nicolae_ashenzari_panopticon
D:8:      layout_basic, minmay_lair_entry_grove,
          lightli_ossuary_entry_decrepit_ruins, nemelex_spade_bored_becter
D:9:      layout_loops_ring, overflow_temple_1_default, basic_altar
D:10:     layout_layer_cave, erik_orc_2
D:11:     layout_layer_cave, lemuel_tele_altar, uniq_gastronok, uniq_harold,
          uniq_nergalle, uniq_maurice
D:12:     layout_irregular_city, nicolae_trove_entry_columns, serial_shops,
          shop, portal_ice_cave_entry_ice_beasts, minmay_another_anthill
D:13:     minmay_separated_statues, layout_irregular_city, erik_vaults_2,
          serial_shops, shop_fountains, david_defended_altar_elf, uniq_rupert,
          uniq_erolcha
Temple:   nicolae_temple_no_exploring_needed

Skill      XL: |  1  2  3  4  5  6  7  8  9 10 11 12 |
---------------+-------------------------------------+-----
Unarmed Combat | 4 5 7 9 10 12 14 15 16 | 16.0
Fighting       | 4 5 |  5.0
Dodging        | 3 4 6 8 |  8.3
Shields        | 9 11 | 11.3
Stealth        | |  1.7

Action                   |  1- 3 |  4- 6 |  7- 9 | 10-12 || total
-------------------------+-------+-------+-------+-------++-------
Melee: Unarmed           |   143 |   218 |   511 |   674 ||  1546
       Punch             |     3 |     2 |    31 |    37 ||    73
       Tailslap          |    10 |    25 |    79 |   103 ||   217
Throw: Javelin           |       |     1 |       |       ||     1
Invok: Sacrifice Essence |       |       |     1 |     1 ||     2
       Sacrifice Arcana  |       |       |     1 |       ||     1
       Sacrifice Love    |       |       |       |     1 ||     1
 Abil: Breathe Fire      |       |       |     9 |     4 ||    13
Evoke: Wand              |       |       |     1 |     8 ||     9
  Use: Scroll            |       |     4 |       |    16 ||    20
       Potion            |       |     1 |     4 |     6 ||    11
 Stab: Sleeping          |     7 |     7 |     2 |     4 ||    20
       Invisible         |       |       |       |     6 ||     6
       Distracted        |       |       |       |     1 ||     1
Armor: Skin              |    52 |    41 |   187 |   166 ||   446
Dodge: Dodged            |   100 |   116 |   434 |   402 ||  1052
Block: Buckler           |       |       |       |    36 ||    36
